 Dungeon Crawl Stone Soup version 0.19.0-11-g3fc08b3 (webtiles) character file.

339 Jerry the Sneak (level 6, 0/30 HPs)
             Began as a Vine Stalker Assassin on Nov 8, 2016.
             Slain by an orc wizard
             ... wielding a +0 dagger
              (2 damage)
             ... on level 4 of the Dungeon.
             The game lasted 00:10:20 (3125 turns).

Jerry the Sneak (Vine Stalker Assassin)             Turns: 3125, Time: 00:10:21

Health: 0/30       AC:  4    Str: 15    XL:     6   Next: 55%
Magic:  0/7        EV: 12    Int: 11    God:
Gold:   122        SH:  0    Dex: 16    Spells: 0 memorised, 5 levels left

rFire  . . .     SeeInvis .     a - +2 dagger
rCold  . . .     Gourm    .     j - +0 leather armour (curse)
rNeg   . . .     Faith    .     (no shield)
rPois  .         Spirit   +     (no helmet)
rElec  .         Reflect  .     d - +0 cloak
rCorr  .         Harm     .     (no gloves)
MR     +....                    (no boots)
Stlth  +++.......               (no amulet)
                                (no ring)
                                r - ring of protection from magic

@: flying
A: fangs 2, regeneration 1, magic shield, antimagic bite, no device heal 3, rot
immunity
a: no special abilities


You were on level 4 of the Dungeon.
You were not hungry.

You visited 1 branch of the dungeon, and saw 4 of its levels.

You collected 122 gold pieces.

Inventory:

Hand Weapons
 a - a +2 dagger (weapon)
 b - a +0 blowgun
Missiles
 e - 8 poisoned needles
 f - 2 curare-tipped needles
Armour
 c - a +0 robe
 d - a +0 cloak (worn)
 j - a cursed +0 leather armour (worn)
Jewellery
 r - a ring of protection from magic (left hand)
 v - an uncursed amulet of the gourmand {unknown}
Scrolls
 i - 5 scrolls of remove curse {unknown}
 k - 4 scrolls of teleportation {unknown}
 l - a scroll of amnesia {unknown}
 m - 2 scrolls of blinking {unknown}
 o - a scroll of magic mapping {unknown}
 p - 2 scrolls of immolation {unknown}
 q - a scroll of identify {unknown}
 s - a scroll of recharging {unknown}
 t - 2 scrolls of fog {unknown}
Potions
 h - a potion of curing
 n - a potion of flight
Books
 w - a book of Necromancy

   Spells                             Type                      Level
   a - Pain                           Necromancy                   1
   b - Animate Skeleton               Necromancy                   1
   c - Vampiric Draining              Necromancy                   3
   d - Regeneration                   Charms/Necromancy            3
   e - Animate Dead                   Necromancy                   4
   f - Control Undead                 Necromancy                   4
Comestibles
 g - 3 bread rations
 u - 4 chunks of flesh


   Skills:
 - Level 2.1 Fighting
 + Level 4.0 Short Blades
 - Level 1.7 Throwing
 + Level 3.1 Armour
 - Level 2.1 Dodging
 - Level 4.8 Stealth


You had 5 spell levels left.
You didn't know any spells.

Dungeon Overview and Level Annotations

Branches:
Dungeon (4/15)
 Temple: D:4-7

Altars:

Annotations:
D:3 Grinder


Innate Abilities, Weirdness & Mutations

You have extremely sharp teeth.
Your natural rate of healing is unusually fast.
When hurt, damage is shared between your health and your magic reserves.
Your bite disrupts and absorbs the magic of your enemies.
Potions and wands cannot restore your health.
You are immune to rotting.


Message History

The orc wizard misses you.
You completely miss the orc wizard.
The orc wizard is moderately wounded.
The orc wizard closely misses you.
You barely miss the orc wizard.
You bite the orc wizard, but do no damage.
The orc wizard is moderately wounded.
The orc wizard hits you but does no damage.
An orc wizard comes into view. It is wielding a dagger.
You hit the orc wizard. Your bite misses the orc wizard.
The orc wizard is heavily wounded.
The orc wizard hits you with a dagger.
* * * LOW HITPOINT WARNING * * *
You hit the orc wizard but do no damage.
The orc wizard is heavily wounded.
The orc wizard closely misses you.
You hit the orc wizard. Your bite misses the orc wizard.
The orc wizard is severely wounded.
The orc wizard hits you with a dagger.
You die...

.. #.# ..#######.#####
..............##
................
....o..........#
.......).......#
..........# #o#
..........# #.#
..../.....# #@#
#########†####o#####.#
....................
#####.#.####.#####.#
#.#............# #
######.#########
#..........
#..###########
#.............


You could see 2 orc wizards.

Vanquished Creatures
  An ogre (D:4)
  A bullfrog skeleton (D:4)
  2 worker ants (D:4)
  4 gnolls (D:2)
  8 adders
  2 dart slugs (D:2)
  A leopard gecko (D:1)
  5 orcs
  A ball python (D:1)
  3 giant cockroaches
  8 hobgoblins
  4 jackals (D:2)
  10 kobolds
  4 bats
  6 frilled lizards
  6 goblins
  4 rats
70 creatures vanquished.

Notes
Turn   | Place    | Note
-------+----------+-------------------------------------------
     0 | D:1      | Jerry the Vine Stalker Assassin began the quest for the Orb.
     0 | D:1      | Reached XP level 1. HP: 11/11 MP: 2/2
   138 | D:1      | Reached skill level 1 in Dodging
   253 | D:1      | Reached XP level 2. HP: 6/15 MP: 1/3
   821 | D:1      | Reached skill level 1 in Armour
   821 | D:1      | Reached XP level 3. HP: 18/18 MP: 4/4
  1555 | D:2      | Gained mutation: Your natural rate of healing is unusually fast. [Vine Stalker growth]
  1555 | D:2      | Reached XP level 4. HP: 2/23 MP: 1/5
  2049 | D:2      | Reached XP level 5. HP: 26/26 MP: 6/6
  2714 | D:3      | Noticed Grinder
  3027 | D:4      | Reached XP level 6. HP: 30/30 MP: 7/7
  3119 | D:4      | HP: 1/30 [orc wizard/puff of frost (7)]
  3125 | D:4      | Slain by an orc wizard

Skill      XL: |  1  2  3  4  5  6 |
---------------+-------------------+-----
Dodging        | 1 2 |  2.1
Fighting       | 2 |  2.1
Short Blades   | 2 3 4 |  4.0
Armour         | 1 2 3 |  3.1
Throwing       | |  1.7
Stealth        | |  4.8

Action                   |  1- 3 |  4- 6 || total
-------------------------+-------+-------++-------
Melee: Dagger            |   100 |   136 ||   236
       Bite              |    16 |    38 ||    54
  Use: Potion            |     1 |     1 ||     2
 Stab: Sleeping          |     9 |    10 ||    19
  Eat: Chunk             |     2 |     5 ||     7
Armor: Leather armour    |    22 |    12 ||    34
       Robe              |     1 |       ||     1
Dodge: Dodged            |    49 |    61 ||   110
